Map: Odyssey LE

Players

MachiNe

  • Race: Zerg Zerg
  • League: Diamond
  • Spawn Location: 11:00

Dessa - Winner!

  • Race: Zerg Zerg
  • League: Diamond
  • Spawn Location: 5:00

VOD

Have the link to the VOD?

Description

Time

  • Played on: Jan. 14, 2018, 10:49 a.m.
  • Length: 15:51
Show
View Real Time Build Order
Export as new Build Order

MachiNe Zerg 

Build Orders: Pool First, Lurkers, Zergling Baneling 

Get SALT Encoding   

  12  0:02  Drone  
  13  0:22  Spawning Pool  
  13  0:27  Extractor  
  11  0:31  Drone  
  11  0:34  Drone  
  13  0:38  Drone  
  14  0:44  Extractor  
  14  0:45  Drone  
  15  0:52  Overlord  
  15  1:11  Zergling x2  
  16  1:13  Queen  
  16  1:16  Zergling x2  
  19  1:28  Metabolic Boost  
  19  1:32  Zergling x2  
  20  1:40  Zergling x2  
  21  1:49  Baneling Nest  
  21  1:52  Zergling x2  
  21  1:59  Zergling x2  
  22  2:10  Overlord  
  22  2:30  Zergling x2  
  22  2:31  Zergling x6  
  23  2:48  Baneling  
  23  2:49  Baneling x3  
  22  3:03  Hatchery  
  20  3:25  Zergling x2  
  20  3:26  Zergling x4  
  21  3:47  Zergling x2  
  21  3:48  Zergling x2  
  20  3:54  Hatchery  
  19  4:07  Baneling x2  
  19  4:08  Baneling  
  19  4:15  Zergling x4  
  19  4:16  Zergling x2  
  21  4:24  Drone x2  
  21  4:25  Drone  
  22  4:42  Baneling x3  
  22  4:44  Drone  
  22  4:45  Drone  
  24  4:49  Drone  
  24  5:05  Drone x2  
  24  5:06  Drone x2  
  27  5:08  Drone  
  27  5:10  Drone  
  27  5:13  Drone  
  30  5:16  Drone  
  30  5:20  Baneling x2  
  31  5:28  Zergling x6  
  33  5:32  Drone  
  33  5:48  Drone  
  33  5:49  Drone x6  
  41  5:50  Drone x2  
  41  5:55  Overlord  
  42  6:00  Baneling  
  42  6:03  Overlord  
  41  6:23  Zergling x16  
  41  6:24  Zergling x6  
  50  6:28  Queen  
  50  6:29  Queen  
  53  6:36  Drone x3  
  56  6:47  Overlord  
  56  6:48  Extractor x2, Overlord  
  56  6:53  Baneling x4  
  54  7:09  Baneling  
  54  7:10  Baneling x3  
  54  7:11  Drone x5  
  54  7:12  Drone x6  
  65  7:18  Lair  
  65  7:28  Drone x2  
  65  7:29  Drone x2  
  66  7:48  Zergling x14  
  66  7:51  Overlord x4  
  73  7:59  Zergling x2  
  73  8:06  Overlord x3  
  73  8:07  Baneling x3  
  73  8:08  Baneling x2  
  73  8:13  Roach Warren  
  73  8:15  Zergling x2, Evolution Chamber  
  73  8:16  Zergling x6  
  73  8:17  Evolution Chamber  
  65  8:42  Drone x4  
  65  8:43  Drone x4  
  73  8:52  Drone  
  73  8:53  Roach  
  76  9:01  Roach x2, Extractor  
  79  9:05  Hatchery  
  79  9:06  Extractor  
  77  9:10  Extractor  
  77  9:16  Zerg Missile Weapons Level 1  
  76  9:19  Glial Reconstitution  
  76  9:24  Drone x2, Extractor  
  77  9:25  Drone x2  
  77  9:28  Drone x4  
  77  9:31  Drone x2  
  85  9:33  Drone x2  
  87  9:44  Roach x9  
  105  9:55  Roach x4  
  105  9:59  Roach x2  
  117  10:03  Drone x2  
  119  10:08  Overlord  
  119  10:09  Hydralisk Den  
  119  10:11  Overlord x3  
  119  10:12  Overlord  
  118  10:17  Roach x4  
  126  10:26  Zerg Ground Armor Level 1  
  126  10:36  Infestation Pit  
  126  10:37  Roach  
  126  10:38  Roach x5  
  126  10:39  Overlord x3  
  126  10:40  Overlord x2  
  137  10:54  Overlord x3  
  137  10:56  Roach x4  
  141  11:06  Roach x4  
  148  11:14  Overlord x2  
  148  11:21  Tunneling Claws  
  148  11:23  Burrow, Zerg Missile Weapons Level 2  
  148  11:25  Hive  
  148  11:32  Hydralisk x5  
  150  11:33  Hydralisk  
  150  11:36  Zergling x4  
  162  11:45  Roach x5  
  162  11:46  Ravager  
  162  11:47  Ravager  
  174  11:52  Hatchery  
  174  11:54  Ravager  
  174  11:55  Ravager  
  175  12:02  Zergling x22  
  180  12:25  Hydralisk x4  
  180  12:26  Hydralisk x6  
  195  12:37  Lurker Den  
  195  12:44  Ravager x3  
  195  12:45  Ravager  
  195  12:46  Zergling x2  
  163  13:08  Roach x4  
  163  13:09  Roach x11  
  186  13:22  Hatchery x2  
  184  13:30  Roach x2  
  184  13:33  Overlord x2  
  184  13:34  Overlord x2  
  188  13:49  Drone  
  143  14:17  Roach  
  143  14:18  Roach x15  
  143  14:19  Roach x4  
  143  14:23  Lair x2  
  147  14:28  Lurker x5  
  143  14:32  Hydralisk  
  143  14:33  Hydralisk x2  
  115  14:39  Muscular Augments, Adaptive Talons  
  115  14:44  Roach  
  115  14:45  Roach x6  
  114  14:57  Roach x20  
  114  14:58  Roach x6  
  114  14:59  Roach x3  
  124  15:01  Hatchery  
  124  15:14  Lurker  
  124  15:21  Overseer  
  122  15:25  Ravager  
Show
View Real Time Build Order
Export as new Build Order

Dessa Zerg - Winner!

Build Orders: Hatch First, Lurkers, Zergling Baneling 

Get SALT Encoding   

  12  0:00  Drone  
  13  0:12  Overlord  
  13  0:17  Drone  
  14  0:31  Drone x2  
  14  0:34  Drone  
  17  0:53  Hatchery  
  17  0:56  Drone  
  17  1:01  Drone, Extractor  
  17  1:16  Spawning Pool  
  17  1:18  Drone  
  17  1:24  Drone  
  18  1:29  Overlord  
  18  1:43  Drone  
  19  2:02  Zergling x4  
  19  2:04  Queen  
  19  2:05  Queen  
  19  2:06  Metabolic Boost  
  25  2:13  Drone  
  25  2:14  Zergling x2  
  27  2:20  Zergling x2  
  28  2:28  Baneling Nest  
  28  2:29  Zergling x2  
  27  2:52  Zergling x6  
  27  2:53  Drone x2  
  32  3:12  Baneling  
  32  3:13  Baneling x2  
  32  3:14  Drone  
  32  3:15  Overlord  
  24  3:30  Zergling x6  
  24  3:31  Zergling x2  
  27  3:41  Zergling x2  
  27  3:44  Zergling x4  
  27  3:45  Zergling x2, Queen  
  31  3:50  Baneling  
  31  3:54  Baneling  
  33  3:55  Zergling x4  
  33  4:00  Spine Crawler  
  32  4:09  Drone  
  33  4:14  Baneling x2  
  33  4:18  Drone  
  33  4:19  Drone x4  
  33  4:20  Drone x2  
  36  4:41  Drone x4  
  36  4:43  Baneling x2  
  40  4:49  Overlord  
  36  5:07  Overlord  
  36  5:15  Zergling x2  
  36  5:16  Zergling x2  
  36  5:20  Zergling x2  
  37  5:48  Zergling x14  
  44  5:53  Overlord  
  44  5:57  Drone  
  44  5:58  Drone x3  
  44  6:00  Zergling x2  
  44  6:02  Extractor  
  48  6:04  Roach Warren  
  48  6:06  Zergling x2  
  48  6:07  Baneling x2  
  46  6:23  Drone  
  46  6:24  Drone x2, Overlord  
  47  6:37  Drone x2  
  47  6:39  Drone  
  50  6:40  Extractor  
  50  6:46  Lair, Hatchery  
  48  6:50  Overlord  
  48  6:55  Pneumatized Carapace  
  43  7:31  Zergling x4, Roach x2  
  43  7:32  Roach x3  
  43  7:33  Zergling x6  
  57  7:54  Zergling x2  
  58  8:03  Queen  
  60  8:08  Glial Reconstitution  
  60  8:12  Drone x3  
  63  8:13  Drone, Extractor, Hydralisk Den  
  63  8:14  Overlord  
  63  8:19  Drone x3, Roach  
  69  8:20  Roach x3  
  73  8:32  Roach x3  
  69  8:40  Overlord  
  69  8:46  Roach x3  
  75  8:49  Muscular Augments  
  75  8:55  Evolution Chamber  
  74  8:56  Evolution Chamber  
  73  9:09  Drone x3  
  77  9:10  Drone  
  77  9:14  Roach x4  
  77  9:15  Overlord  
  85  9:17  Overlord  
  85  9:28  Drone x3  
  85  9:29  Drone  
  85  9:30  Overlord  
  89  9:35  Zerg Ground Armor Level 1, Zerg Missile Weapons Level 1  
  89  9:36  Hydralisk  
  89  9:37  Hydralisk x3  
  89  9:38  Hydralisk  
  99  9:56  Drone x2  
  99  9:57  Drone x3, Overlord  
  99  9:58  Overlord  
  104  10:00  Roach x2  
  104  10:03  Ravager x2  
  110  10:07  Extractor  
  110  10:11  Extractor  
  108  10:23  Hatchery  
  107  10:31  Drone  
  107  10:32  Drone x2  
  107  10:33  Drone x3, Overlord x2  
  107  10:34  Drone x2  
  107  10:35  Drone x2  
  115  11:06  Hatchery, Hydralisk x2, Extractor  
  115  11:07  Roach x6, Hydralisk x3  
  115  11:08  Roach  
  137  11:17  Ravager x3  
  140  11:19  Overlord  
  140  11:20  Overlord  
  140  11:30  Zerg Missile Weapons Level 2, Infestation Pit  
  139  11:32  Zerg Ground Armor Level 2  
  141  11:40  Drone x3  
  141  11:41  Drone  
  141  11:42  Queen  
  141  11:47  Roach x2, Hydralisk x3  
  145  11:48  Roach x3  
  145  11:49  Overlord x3  
  161  12:01  Tunneling Claws  
  161  12:33  Overlord x2  
  161  12:36  Hydralisk x3  
  161  12:37  Roach x5, Hydralisk  
  157  13:09  Roach  
  157  13:10  Roach x8  
  157  13:11  Roach x5  
  180  13:18  Lurker Den  
  179  13:21  Queen  
  179  13:24  Drone x2  
  179  13:25  Drone x2  
  185  13:29  Drone x4  
  189  13:40  Drone  
  189  13:41  Drone x2  
  192  13:53  Burrow  
  192  14:00  Extractor  
  142  14:32  Overseer  
  131  14:51  Lurker x8  
  131  14:52  Lurker x2  
  133  14:55  Roach x2, Hydralisk x3  
  133  14:56  Roach x7  
  133  14:57  Roach x7  
  133  14:58  Roach x4  
  179  15:06  Drone x2  
  160  15:49  Lurker x4  
Tags
 
Add a new tag
Caveats
  • Supply blocks, unpowered buildings, or Contaminate may cause inaccurate times.
  • Supply counts are checked every 10 seconds.